 Dungeon Crawl Stone Soup version 0.19.1-1-g22dce08 (webtiles) character file.

2263 Venfury the Grappler (level 9, -1/83 HPs)
             Began as a Troll Berserker on Jan 6, 2017.
             Was an Elder of Trog.
             Slain by an orc warrior
             ... wielding a +0 dire flail
              (27 damage)
             ... on level 8 of the Dungeon on Jan 7, 2017.
             The game lasted 01:06:36 (4808 turns).

Venfury the Grappler (Troll Berserker)              Turns: 4808, Time: 01:06:37

Health: -1/83      AC:  7    Str: 27    XL:     9   Next: 15%
Magic:  8/8        EV: 12    Int:  3    God:    Trog [****..]
Gold:   22         SH:  0    Dex: 12    Spells: 0 memorised, 8 levels left

rFire  . . .     SeeInvis .       - Unarmed
rCold  . . .     Gourm    +     e - +2 robe
rNeg   . . .     Faith    .     (no shield)
rPois  +         Spirit   .     (helmet restricted)
rElec  .         Reflect  .     (no cloak)
rCorr  .         Harm     .     (gloves unavailable)
MR     .....                    (boots unavailable)
Stlth  ++........               (no amulet)
                                A - ring of poison resistance
                                k - ring of poison resistance

@: no status effects
A: unfitting armour, claws 3, fast metabolism 3, gourmand, regeneration 1,
shaggy fur 1, tough skin 2
a: Berserk, Trog's Hand, Brothers in Arms, Burn Spellbooks, Renounce Religion


You were on level 8 of the Dungeon.
You worshipped Trog.
Trog was greatly pleased with you.
You were very hungry.

You visited 1 branch of the dungeon, and saw 8 of its levels.

You collected 22 gold pieces.

Inventory:

Hand Weapons
 f - a +1 dagger of speed
 n - a +2 mace of protection
 x - a +0 scythe of protection
Armour
 a - a +1 animal skin
 e - a +2 robe (worn)
Jewellery
 k - a ring of poison resistance (left claw)
 A - a ring of poison resistance (right claw)
Wands
 B - a wand of digging (13/24)
 F - a wand of slowing (25/48)
Scrolls
 d - 5 scrolls of remove curse
 i - 2 scrolls of immolation
 m - a scroll of noise {unknown}
 o - a scroll of enchant armour
 s - 3 scrolls of fear
 u - a scroll of amnesia {unknown}
 C - a scroll of enchant weapon
 D - a scroll of identify
 G - a scroll of magic mapping
Potions
 g - 2 potions of might
 h - 3 potions of curing
 j - a potion of brilliance
 l - a potion of invisibility {unknown}
 q - a potion of mutation {unknown}
 r - 3 potions of heal wounds
 v - a potion of magic {unknown}
Comestibles
 b - 4 bread rations
 c - 2 royal jellies
 p - 2 beef jerkies
 t - 5 fruits
 z - 6 chunks of flesh
 H - a meat ration


   Skills:
 + Level 3.4 Fighting
 + Level 4.9 Dodging
 + Level 2.1 Stealth
 + Level 10.3 Unarmed Combat


You had 8 spell levels left.
You didn't know any spells.

Dungeon Overview and Level Annotations

Branches:
Dungeon (8/15)             Temple (0/1) D:7
   Lair: D:8-11

Altars:
Ashenzari
Elyvilon
Fedhas
Hepliaklqana
Qazlal
Trog

Annotations:
D:8 Maurice


Innate Abilities, Weirdness & Mutations

You are too large for most types of armour.
You have claws for hands.
Your metabolism is lightning-fast.
You like to eat raw meat.
Your natural rate of healing is unusually fast.
You are covered in fur. (AC +1)
You have very tough skin. (AC +2)


Message History

You claw the orc priest!
The orc priest is severely wounded.
The orc priest completely misses you.
You closely miss the orc priest.
The orc priest is severely wounded.
You barely miss the orc priest. Your claw misses the orc priest.
The orc priest is heavily wounded.
The orc warrior throws a tomahawk.
The tomahawk hits you!
The orc priest hits you with a flail of distortion.
Space bends around you.
You scratch the orc priest.
The orc priest is severely wounded.
You scratch the orc priest.
You kill the orc priest!
Trog accepts your kill.
The orc warrior hits you with a dire flail!
You claw the orc warrior!
The orc warrior is heavily wounded.
The orc warrior hits you with a dire flail!!
You die...

# #. #.. ###. #.# ##..
....##.###.. ..........#####
#............### ########
.###...##..###...### #....(.#
.......#.(######...# #......#
#..###..o.((...o)...#####....<.#
..........######@..............#
.............# ##########......#
....##...###..# #......# ###
..##.## #.# ###.#### .####.##..#
#.## #.##
......##..###..############..#
#............................#
###.####....##...#############
#..###.#...###.#


You could see an orc warrior.

Vanquished Creatures
  A hippogriff (D:8)
  Sigmund (D:4)
  Eustachio (D:5)
  A sky beast (D:6)
  2 ogres
  Blork the orc (D:5)
  2 bullfrogs
  2 scorpions
  3 howler monkeys (D:8)
  2 crimson imps
  A bullfrog zombie (D:5)
  A centaur zombie (D:8)
  5 orc priests
  A hound (D:5)
  Crazy Yiuf (D:7)
  4 jellies
  Jessica (D:2)
  2 iguanas
  5 orc wizards
  Ijyb (D:2)
  6 worker ants
  A killer bee zombie (D:6)
  A hound zombie (D:7)
  A hound skeleton (D:5)
  A worker ant zombie (D:7)
  Robin (D:2)
  6 adders
  A shadow imp (D:8)
  An adder skeleton (D:6)
  2 worms
  2 dart slugs
  3 leopard geckos
  26 orcs
  7 giant cockroaches
  12 hobgoblins
  4 jackals (D:6)
  3 quokkas
  3 ball pythons
  5 bats
  4 frilled lizards
  16 goblins
  11 kobolds
  A leopard gecko skeleton (D:5)
  A rat (D:2)
157 creatures vanquished.

Notes
Turn   | Place    | Note
-------+----------+-------------------------------------------
     0 | D:1      | Venfury the Troll Berserker began the quest for the Orb.
     0 | D:1      | Reached XP level 1. HP: 22/22 MP: 0/0
   253 | D:1      | Reached XP level 2. HP: 23/29 MP: 1/1
   710 | D:2      | Noticed Robin
   725 | D:2      | Reached ** piety under Trog
   733 | D:2      | Reached XP level 3. HP: 30/36 MP: 2/2
   734 | D:2      | Killed Robin
   796 | D:2      | Noticed Jessica
   811 | D:2      | Killed Jessica
   811 | D:2      | Reached skill level 4 in Unarmed Combat
   811 | D:2      | Reached XP level 4. HP: 22/44 MP: 3/3
   862 | D:2      | Noticed Ijyb
   865 | D:2      | Killed Ijyb
  1277 | D:2      | Paralysed by fainting for 7 turns
  1438 | D:3      | Reached XP level 5. HP: 52/52 MP: 4/4
  1447 | D:3      | Reached skill level 5 in Unarmed Combat
  1834 | D:3      | HP: 1/52 [orc priest/divine providence (11)]
  1918 | D:3      | Reached XP level 6. HP: 59/59 MP: 5/5
  1984 | D:3      | Reached skill level 6 in Unarmed Combat
  2042 | D:3      | Reached *** piety under Trog
  2177 | D:4      | Found a blossoming altar of Fedhas.
  2607 | D:4      | Reached XP level 7. HP: 63/67 MP: 6/6
  2685 | D:5      | Entered Level 5 of the Dungeon
  2690 | D:5      | Noticed Sigmund
  2730 | D:4      | Killed Sigmund
  2730 | D:4      | Reached skill level 7 in Unarmed Combat
  2854 | D:5      | Noticed Blork the orc
  2863 | D:5      | Killed Blork the orc
  2863 | D:5      | Reached skill level 1 in Stealth
  3087 | D:5      | Noticed Eustachio
  3101 | D:5      | Killed Eustachio
  3101 | D:5      | Reached skill level 8 in Unarmed Combat
  3101 | D:5      | Reached XP level 8. HP: 75/75 MP: 7/7
  3413 | D:6      | Found a hazy altar of Hepliaklqana.
  3413 | D:6      | Found a faded altar of an unknown god.
  3421 | D:6      | Found a faded altar of an unknown god.
  3428 | D:6      | Found a faded altar of an unknown god.
  3430 | D:6      | Found a faded altar of an unknown god.
  3477 | D:6      | Found a stormy altar of Qazlal.
  3502 | D:6      | Received a gift from Trog
  3635 | D:6      | Reached skill level 9 in Unarmed Combat
  3739 | D:7      | Found a white marble altar of Elyvilon.
  3779 | D:7      | Found a shattered altar of Ashenzari.
  3783 | D:7      | Found a bloodstained altar of Trog.
  3968 | D:7      | Found a staircase to the Ecumenical Temple.
  4295 | D:7      | Found a runed door.
  4299 | D:7      | Noticed Crazy Yiuf
  4303 | D:7      | Killed Crazy Yiuf
  4458 | D:8      | Noticed Maurice
  4459 | D:8      | Noticed a hippogriff
  4507 | D:8      | Killed a hippogriff
  4548 | D:8      | Reached skill level 10 in Unarmed Combat
  4584 | D:8      | Reached XP level 9. HP: 83/83 MP: 8/8
  4593 | D:8      | Reached **** piety under Trog
  4808 | D:8      | Slain by an orc warrior

Skill      XL: |  1  2  3  4  5  6  7  8 |
---------------+-------------------------+-----
Dodging        | 3 4 |  4.9
Unarmed Combat | 4 5 6 8 10 | 10.3
Fighting       | 3 |  3.4
Stealth        | 1 2 |  2.1

Action                   |  1- 3 |  4- 6 |  7- 9 || total
-------------------------+-------+-------+-------++-------
Melee: Unarmed           |    70 |   153 |   218 ||   441
       Punch             |       |       |     6 ||     6
Invok: Berserk           |     2 |     1 |     3 ||     6
       Trog's Hand       |     1 |     1 |     2 ||     4
  Use: Scroll            |     3 |     8 |     4 ||    15
       Potion            |     1 |       |       ||     1
 Stab: Sleeping          |       |     1 |     3 ||     4
  Eat: Chunk             |     2 |    23 |    11 ||    36
       Bread ration      |     1 |       |     1 ||     2
       Fruit             |       |       |     1 ||     1
       Pizza             |       |       |     1 ||     1
Armor: Animal skin       |    18 |       |       ||    18
       Robe              |       |    44 |    66 ||   110
Dodge: Dodged            |    30 |    61 |    78 ||   169
